 Dungeon Crawl Stone Soup version 0.27.0-66-gdc8fb28755 (webtiles) character file.

Game seed: 2494916515761527804

20 nxtlvl the Chopper (level 2, -3/26 HPs)
             Began as a Draconian Berserker on Aug 20, 2021.
             Was a Follower of Trog.
             Slain by a scorpion zombie (4 damage)
             ... on level 3 of the Dungeon.
             The game lasted 00:02:34 (366 turns).

nxtlvl the Chopper (Draconian Berserker)             Turns: 366, Time: 00:02:35

Health: -3/26      AC:  5    Str: 19    XL:     2   Next: 58%
Magic:  2/2        EV: 12    Int:  7    God:    Trog [*.....]
Gold:   73         SH:  0    Dex: 10    Spells: 1/1 levels left

rFire    . . .     SeeInvis .   a - +0 hand axe
rCold    + . .     Faith    .   (no shield)
rNeg     . . .     Spirit   .   (armour unavailable)
rPois    .         Reflect  .   (helmet restricted)
rElec    .         Harm     .   (no cloak)
rCorr    .         Rampage  .   c - +0 pair of gloves
Will     .....                  (no boots)
Stlth    +.........             (no amulet)
HPRegen  0.08/turn              e - ring of protection from cold
MPRegen  0.08/turn              (no ring)

@: no status effects
A: AC +4, unfitting armour, cold-blooded
a: Renounce Religion, Berserk


You were on level 3 of the Dungeon.
You worshipped Trog.
Trog was aware of your devotion.
You visited 1 branch of the dungeon, and saw 3 of its levels.

You collected 73 gold pieces.

Inventory:

Hand Weapons
 a - a +0 hand axe (weapon)
 b - a +0 hunting sling
Missiles
 f - 18 arrows
 i - 24 sling bullets
 k - 9 bolts
Armour
 c - a +0 pair of gloves (worn)
Jewellery
 e - a ring of protection from cold (left hand)
Scrolls
 d - 2 scrolls of identify {unknown}
 g - a scroll of teleportation {unknown}
 j - 2 scrolls of enchant armour {unknown}
 l - a scroll of immolation {unknown}
Potions
 h - 2 potions of lignification {unknown}
 m - 2 potions of curing {unknown}


   Skills:
 - Level 3.2 Fighting
 * Level 4.0 Axes
 - Level 2.6 Dodging


You had one spell level left.
You didn't know any spells.
Your spell library was empty.

Dungeon Overview and Level Annotations

Branches:
Dungeon (3/15)

Altars:
Sif Muna


Innate Abilities, Weirdness & Mutations

Your plain brown scales are hard. (AC +4)
You cannot fit into any form of body armour.
You are cold-blooded and may be slowed by cold attacks.


Message History

You kill the kobold!
Trog accepts your kill.
Your Axes skill increases to level 4!
Things that are here:
a +0 dagger; a stone; a kobold corpse A scorpion zombie comes into view.
Found a shimmering blue altar of Sif Muna.
You hit the scorpion zombie but do no damage.
The scorpion zombie hits you.
You hit the scorpion zombie.
The scorpion zombie is lightly damaged.
The scorpion zombie hits you.
You hit the scorpion zombie but do no damage.
You tail-slap the scorpion zombie, but do no damage.
The scorpion zombie is lightly damaged.
The scorpion zombie hits you.
You barely miss the scorpion zombie.
The scorpion zombie is lightly damaged.
The scorpion zombie misses you.
You completely miss the scorpion zombie.
You tail-slap the scorpion zombie, but do no damage.
The scorpion zombie is lightly damaged.
The scorpion zombie hits you.
* * * LOW HITPOINT WARNING * * *
You hit the scorpion zombie.
The scorpion zombie is lightly damaged.
The scorpion zombie completely misses you.
The scorpion zombie closely misses you.
Okay, then.
You hit the scorpion zombie.
The scorpion zombie is moderately damaged.
The scorpion zombie closely misses you.
You hit the scorpion zombie.
The scorpion zombie is moderately damaged.
The scorpion zombie hits you.
* * * LOW HITPOINT WARNING * * *
You slash the scorpion zombie!
The scorpion zombie is heavily damaged.
The scorpion zombie hits you.
You die...

#.# #.# #.# # #.#
####. #.# ##
......####.##.#
#...#.#.# ######+##
#.......# #........
#...###)###@##....
##..........Z......
#.##.......≈.8.≈..
..##.#####.≈...≈.#
##.##.# #.≈≈.≈≈.#
#.##. #.≈≈.≈≈.# #
#.≈≈.≈≈.# #.≈≈_≈≈.#
.≈≈≈≈≈.


You could see a scorpion zombie.

Vanquished Creatures
  A dart slug (D:2)
  A bat (D:2)
  2 endoplasms (D:1)
  2 goblins
  4 jackals (D:3)
  3 kobolds
  3 frilled lizards
16 creatures vanquished.

Notes
Turn   | Place    | Note
-------+----------+-------------------------------------------
     0 | D:1      | nxtlvl the Draconian Berserker began the quest for the Orb.
     0 | D:1      | Reached XP level 1. HP: 19/19 MP: 1/1
   225 | D:2      | Reached XP level 2. HP: 26/26 MP: 2/2
   352 | D:3      | Reached skill level 4 in Axes
   354 | D:3      | Found a shimmering blue altar of Sif Muna.
   365 | D:3      | HP: 1/26 [scorpion zombie (6)]
   366 | D:3      | Slain by a scorpion zombie

Illustrated notes

Levels and vault maps discovered:
D:1:      dpeg_arrival_orchard, layout_loops_corners
D:2:      layout_loops_corners, minmay_hexomino_c4
D:3:      layout_loops_ring, mainiacjoe_overflow_catwalk,
          mainiacjoe_overflow_alcove_3, hellmonk_ecumenical_altar_prayer_group,
          portal_sewer_entry_f, kennysheep_generic_room_2, uniq_purgy

Skill      XL: |  1  2 |
---------------+-------+-----
Axes           | 4 |  4.0
Fighting       | |  3.2
Dodging        | |  2.6

Action                   || total
-------------------------++-------
Melee: Hand axe          ||    57
       Tailslap          ||     6
Armor: Skin              ||    14
Dodge: Dodged            ||    31
